 Dungeon Crawl Stone Soup version 0.30.1-4-g462c640d31 (webtiles) character file.

Game seed: 14996277670879095960

85 Hetzau the Covered (level 4, 0/38 HPs)
             Began as a Barachi Fighter on Sept 17, 2023.
             Slain by a gnoll
             ... wielding a +0 club
              (2 damage)
             ... on level 2 of the Dungeon.
             The game lasted 00:06:26 (1286 turns).

Hetzau the Covered (Barachi Fighter)                Turns: 1286, Time: 00:06:26

Health: 0/38       AC:  9    Str: 19    XL:     4   Next: 48%
Magic:  4/4        EV:  9    Int:  8    God:
Gold:   36         SH:  5    Dex: 12    Spells: 3/3 levels left

rFire   . . .        a - +0 long sword
rCold   . . .        c - +0 buckler
rNeg    . . .        b - +0 scale mail
rPois   .            (no helmet)
rElec   .            j - +0 cloak
rCorr   .            (no gloves)
SInv    .            m - +0 pair of boots
Will    .....        (no amulet) Stlth
                     (no ring)
HPRegen 0.26/turn    (no ring)
MPRegen 0.09/turn

%: no passive effects
@: slow
A: amphibious, slowness 1, strong legs 1, +LOS
a: Hop


You were on level 2 of the Dungeon.
You visited 1 branch of the dungeon, and saw 2 of its levels.

You collected 36 gold pieces.

Inventory:

Hand Weapons
 a - a +0 long sword (weapon)
Armour
 b - a +0 scale mail (worn)
 c - a +0 buckler (worn)
 j - a +0 cloak (worn)
 m - a +0 pair of boots (worn)
Scrolls
 e - a scroll of summoning {unknown}
 f - 2 scrolls of magic mapping {unknown}
 k - a scroll of silence {unknown}
Potions
 d - a potion of might
 g - a potion of ambrosia {unknown}
 h - 2 potions of mutation {unknown}
 i - a potion of berserk rage {unknown}
 l - a potion of attraction {unknown}


   Skills:
 * Level 4.4 Fighting
 * Level 3.5 Long Blades
 * Level 4.4 Armour
 * Level 3.9 Shields


You had 3 spell levels left.
You didn't know any spells.
Your spell library contained the following spells:

 Spells                   Type           Power      Damage    Failure   Level
 Summon Guardian Golem    Hex/Summ       0%         N/A       99%         3
 Orb of Destruction       Conj           0%         9d5       100%        7
 Spellforged Servitor     Conj/Summ      0%         N/A       100%        7


Dungeon Overview and Level Annotations

Branches:
Dungeon (2/15)

Altars:

Shops:
D:2 !?


Innate Abilities, Weirdness & Mutations

You are amphibious.
You cover ground slowly.
You can hop short distances.
You have an extended range of vision and can be seen from far away.


Message History

You feel sick.
You feel sick.
You feel sick.
You feel sick.
You feel sick.
You feel sick.
You feel sick.
You are no longer poisoned.
HP restored.
Found a stone staircase leading down.
You start waiting.
Done waiting.
There is a stone staircase leading down here.
A gnoll comes into view. It is wielding a +0 halberd.
The gnoll shouts!
You hear a shout!
A gnoll comes into view. It is wielding a +0 club.
The gnoll shouts!
A gnoll comes into view. It is wielding a +0 whip.
You hit the gnoll.
The gnoll is moderately wounded.
The gnoll hits you with a +0 club!
The gnoll hits you from afar with a +0 halberd.
You barely miss the gnoll.
The gnoll is moderately wounded.
The gnoll hits you with a +0 club.
The gnoll hits you from afar with a +0 halberd! x2
* * * LOW HITPOINT WARNING * * *
You block the gnoll's attack.
You hit the gnoll.
The gnoll is heavily wounded.
The gnoll hits you but does no damage. You block the gnoll's attack.
The gnoll attacks as you move away! The gnoll barely misses you.
The gnoll attacks as you move away! The gnoll completely misses you.
The gnoll hits you from afar with a +0 halberd.
* * * LOW HITPOINT WARNING * * *
The gnoll barely misses you. The gnoll attacks as you move away!
The gnoll closely misses you.
There is a stone staircase leading down here.
The gnoll hits you with a +0 club.
You die...

####### #.....#
#.###.########
#.#..........#
######.#.#.###.....
#.@......#.# #.##..
#g####.....# #.##..
#g# ####### #.##..
#g# #.###. #.#
#.###. #.# #.....
#.# ..####< #.### .
#. #...# . #.


You could see 3 gnolls.

Vanquished Creatures
  A scorpion (D:2)
  A worm (D:2)
  2 ball pythons (D:2)
  3 endoplasms (D:1)
  A giant cockroach (D:2)
  A goblin (D:2)
  4 hobgoblins
  A kobold (D:1)
  A quokka (D:1)
  2 bats (D:1)
  2 frilled lizards (D:1)
  5 rats
24 creatures vanquished.

Notes
Turn   | Place    | Note
-------+----------+-------------------------------------------
     0 | D:1      | Hetzau the Barachi Fighter began the quest for the Orb.
     0 | D:1      | Reached XP level 1. HP: 18/18 MP: 1/1
    81 | D:1      | Found a faded altar of an unknown god.
   258 | D:1      | Reached XP level 2. HP: 25/25 MP: 2/2
   806 | D:2      | Found Cuteduuf's Distillery.
   817 | D:2      | Reached XP level 3. HP: 27/30 MP: 3/3
   842 | D:2      | Found Enwybuth's Magic Scroll Shoppe.
   978 | D:2      | Noticed a scorpion
   989 | D:2      | Killed a scorpion
   990 | D:2      | Reached XP level 4. HP: 17/38 MP: 4/4
  1286 | D:2      | Slain by a gnoll

Illustrated notes

Levels and vault maps discovered:
D:1:      tarquinn_simple_flora_water_d, layout_loops_cross,
          shapermc_ecumenical_altar_starsandcircs, grunt_decor_mini_mirrors,
          amethyst_killhole
D:2:      layout_loops_cross, serial_shops, nicolae_shop_rolled_up, shop, shop,
          uniq_crazy_yiuf_cottage

Skill      XL: |  1  2 |
---------------+-------+-----
Armour         | 4 |  4.4
Fighting       | 4 |  4.4
Long Blades    | 3 |  3.5
Shields        | |  3.9

Action                     |  1- 3 |  4- 6 || total
---------------------------+-------+-------++-------
  Melee: Long sword        |    90 |     3 ||    93
Ability: Hop               |     1 |       ||     1
 Armour: Scale mail        |    28 |     1 ||    29
  Dodge: Dodged            |    45 |     4 ||    49
  Block: Buckler           |    19 |     2 ||    21
